 Dungeon Crawl Stone Soup version 0.15.0-14-g6bbbb5c (webtiles) character file.

64083 Kashira the Jinx (level 15, -5/129 HPs)
             Began as a Naga Enchanter on Sept 3, 2014.
             Was the Champion of Qazlal.
             Killed themself with a bounced orb of electricity (11 damage)
             ... on Level 8 of the Lair of Beasts on Sept 4, 2014.
             The game lasted 03:25:11 (24127 turns).

Kashira the Jinx (Naga Enchanter)                  Turns: 24127, Time: 03:25:11

HP  -5/129       AC 17     Str 15      XL: 15   Next: 11%
MP  50/50        EV 17     Int 27      God: Qazlal [******]
Gold 2338        SH  8     Dex 17      Spells:  7 memorised, 17 levels left

rFire  + . .     SeeInvis +     U - +3 mace (freeze)
rCold  . . .     Clarity  .     I - +0 robe of the Tales {rElec rPois rN+ Int+2}
rNeg   + . .     rCorr    .     (no shield)
rPois  +         rRot     .     f - +3 hat of Pondering {ponderous, MR+ MP+10 Int+5}
rElec  +         Spirit   .     V - +2 cloak {rPois}
SustAb .         Warding  .     D - +1 pair of gloves {Dex+3}
rMut   .         Stasis   .     (no barding)
Gourm  .                        (no amulet)
MR     ++...                    X - ring of Xono {rF+ Str+5 Int+2}
                                A - ring of magical power

@: exhausted, protected from physical damage, slowed, repel missiles, very slow,
very resistant to hostile enchantments, very unstealthy
A: spit poison, constrict 1, see invisible, clumsy 1, deformed body, low mp 1,
poison resistance, electricity resistance, slowness 2, AC +5
a: Spit Poison, Upheaval, Elemental Force, Disaster Area, Renounce Religion


You were on level 8 of the Lair of Beasts.
You worshipped Qazlal.
Qazlal was exalted by your worship.
You were hungry.

You visited 4 branches of the dungeon, and saw 24 of its levels.

You collected 2338 gold pieces.

Inventory:

Hand weapons
 U - a +3 mace of freezing (weapon)
Missiles
 y - 4 throwing nets (quivered)
 G - 4 silver tomahawks
Armour
 f - the +3 hat of Pondering (worn) {ponderous, MR+ MP+10 Int+5}
   (You took it off Gastronok on level 3 of the Lair of Beasts)

   It affects your intelligence (+5).
   It affects your resistance to hostile enchantments.
   It affects your magic capacity (+10).
 D - a +1 pair of gloves of dexterity (worn)
 I - the +0 robe of the Tales (worn) {rElec rPois rN+ Int+2}
   (You found it on level 1 of the Lair of Beasts)

   It affects your intelligence (+2).
   It insulates you from electricity.
   It protects you from poison.
   It protects you from negative energy.
 V - a +2 cloak of poison resistance (worn)
Magical devices
 u - a wand of random effects (11)
 F - a wand of frost (6)
 J - a wand of teleportation (3)
 M - a wand of flame (9)
 N - a wand of fire (11)
 Z - a wand of flame (10)
Comestibles
 d - 14 bread rations
 o - a slice of pizza
 q - 16 fruits
 w - 4 beef jerkies
 Y - a meat ration
Scrolls
 b - 8 scrolls of teleportation
 e - 6 scrolls of enchant armour
 g - 3 scrolls of fear
 h - 3 scrolls of blinking
 l - 5 scrolls of remove curse
 m - 14 scrolls of identify
 s - 2 scrolls of recharging
 x - 5 scrolls of fog
 E - 3 scrolls of enchant weapon
 H - a scroll of magic mapping
Jewellery
 j - an uncursed ring of sustain abilities
 A - a ring of magical power (left hand)
 L - a +3 ring of evasion
 X - the ring of Xono (right hand) {rF+ Str+5 Int+2}
   (You found it on level 7 of the Lair of Beasts)

   [ring of protection from fire]

   It affects your strength (+5).
   It affects your intelligence (+2).
   It protects you from fire.
Potions
 a - 2 potions of haste
 i - 3 potions of curing
 p - 5 potions of resistance
 r - a potion of berserk rage
 v - 2 potions of agility
 z - 2 potions of flight
 B - 2 potions of mutation
 C - a potion of invisibility
Books
 c - a book of Maledictions

   Spells                             Type                      Level
   *Corona                            Hexes                        1
   Sure Blade                         Hexes/Charms                 2
   Ensorcelled Hibernation            Hexes/Ice                    2
   *Confuse                           Hexes                        3
   *Dazzling Spray                    Conjuration/Hexes            3
   *Enslavement                       Hexes                        4
 K - a book of Hinderance

   Spells                             Type                      Level
   Confusing Touch                    Hexes                        2
   *Confuse                           Hexes                        3
   Petrify                            Transmutation/Earth          4
   *Leda's Liquefaction               Hexes/Earth                  4
   *Metabolic Englaciation            Hexes/Ice                    5
   Summon Mana Viper                  Hexes/Summoning              5
 P - a book of Beasts

   Spells                             Type                      Level
   Summon Butterflies                 Summoning                    1
   Call Canine Familiar               Summoning                    3
   Summon Ice Beast                   Ice/Summoning                4
   Summon Mana Viper                  Hexes/Summoning              5
   Monstrous Menagerie                Summoning                    6
   Summon Hydra                       Summoning                    7
 R - a Grand Grimoire {highlevel, unknown}

   This book is beyond your current level of understanding.

   Spells                             Type                      Level
   Aura of Abjuration                 Summoning                    6
   Forceful Dismissal                 Summoning                    6
   Summon Greater Demon               Summoning                    7
   Malign Gateway                     Summoning/Translocation      7
   Summon Horrible Things             Summoning                    8
 W - a book of Transfigurations

   Spells                             Type                      Level
   *Stoneskin                         Transmutation/Earth          2
   Ice Form                           Ice/Transmutation            4
   Statue Form                        Transmutation/Earth          6
   Dragon Form                        Transmutation                7
Magical staves
 t - an uncursed staff of power
 S - an uncursed staff of cold
Miscellaneous
 n - a disc of storms
 Q - a lamp of fire (inert)
Rods
 O - a +2 rod of ignition (10/10)
   (You found it on level 8 of the Dungeon)


   Skills:
 + Level 7.1 Fighting
   Level 1.0 Short Blades
 + Level 6.7(7.1) Maces & Flails
 + Level 3.6(5.6) Staves
 + Level 3.7 Armour
 + Level 10.0 Dodging
 - Level 4.6 Stealth
 + Level 12.7 Spellcasting
 + Level 7.4 Conjurations
 + Level 13.5 Hexes
 + Level 0.2 Transmutations
 + Level 0.6 Ice Magic
 + Level 1.1 Earth Magic
 + Level 0.7 Evocations


You had 17 spell levels left.
You knew the following spells:

 Your Spells              Type           Power        Failure   Level  Hunger
a - Corona                Hex            ######.      0%          1    None
b - Dazzling Spray        Conj/Hex       ######..     1%          3    None
c - Confuse               Hex            ######..     1%          3    None
d - Enslavement           Hex            ######..     1%          4    None
e - Stoneskin             Trmt/Erth      ###.....     4%          2    None
f - Leda's Liquefaction   Hex/Erth       ######....   1%          4    None
g - Metabolic Englaciati  Hex/Ice        ######....   6%          5    #......


Dungeon Overview and Level Annotations

Branches:
Dungeon (11/15)            Temple (1/1) D:4             Orc (4/4) D:10
    Elf (0/3) Orc:4          Lair (8/8) D:11          Swamp (0/5) Lair:5
 Spider (0/5) Lair:3        Slime (0/6) Lair:8

Altars:
Ashenzari
Cheibriados
Dithmenos
Elyvilon
Fedhas
Kikubaaqudgha
Makhleb
Nemelex Xobeh
Okawaru
Qazlal
Sif Muna
Trog
Vehumet
Xom
Yredelemnul
Zin
The Shining One

Shops:
Orc:3 (

Portals:
Trove: D:11 (give +4 demon trident)


Innate Abilities, Weirdness & Mutations

You cannot wear boots.
You can spit poison.
You can use your snake-like lower body to constrict enemies.
Your serpentine skin is tough (AC +5).
You have supernaturally acute eyesight.
Armour fits poorly on your strangely shaped body.
Your system is resistant to poisons.
You cover ground very slowly.
You are clumsy. (Dex -2)
Your magical capacity is low (-10% MP).
You are resistant to electric shocks.


Message History

Drink which item? (? for menu, Esc to quit)
You feel much better. The dire elephant tramples you.
You feel more protected from physical attacks.
You hold your ground!
The dire elephant trunk-slaps you but does no damage.
The dire elephant tramples you!!
* * * LOW HITPOINT WARNING * * *
You feel more protected from physical attacks.
You hold your ground!
The dire elephant closely misses you.
Your magical contamination has completely faded away.
Evoke which item? (* to show all) (? for menu, Esc to quit)
The disc erupts in an explosion of electricity!
The orb of electricity explodes!
The orb of electricity engulfs the dire elephant.
The dire elephant is almost dead.
The orb of electricity engulfs you! You resist.
* * * LOW HITPOINT WARNING * * *
The orb of electricity explodes!
The orb of electricity engulfs you! You resist.
You die...

....#
#..P.=.##♣♣♣##...#####8.⌠.8
....# #......#
####.###≈.###8.8# ....#
#P..§.P####....#≈≈≈≈.######
....#
######'#....####.≈≈≈≈#...$#
....#
#.#.####.8#.≈≈≈≈'...[:
#.###
#...#...Y.'.%≈≈≈'.../[ ##.#
♣♣♣ #8.8#....8##.≈≈##...?#
#### ♣.♣♣####'##++#########
#### ♣/8.##.#§§#@..#
#.........Y§.##
####........## ###..#####
####


You could see a dire elephant.

Vanquished Creatures
  Gastronok (Lair:3)
  An orc warlord (Orc:2)
  2 dire elephants (Lair:8)
  An ettin (D:11)
  Harold (Lair:3)
  4 hydras
  An anaconda (Lair:8)
  2 death yaks (Lair:3)
  Nergalle (Lair:3)
  A catoblepas (Lair:4)
  An unseen horror (D:10)
  Maurice (D:9)
  3 hill giants
  Pikel (D:9)
  2 orc knights
  2 griffons
  An ugly thing (D:11)
  A manticore (D:11)
  10 elephants
  9 black mambas
  A feature mimic (Lair:3)
  2 torpor snails (Lair:3)
  14 spiny frogs
  An item mimic (Orc:2)
  6 komodo dragons
  4 fire drakes
  A queen bee (Lair:2)
  A wandering mushroom (Lair:6)
  3 trolls
  A polar bear (Lair:7)
  A slime creature (Lair:4)
  31 blink frogs
  5 basilisks
  A trapdoor spider (D:11)
  2 redbacks (Lair:8)
  A shadow (D:11)
  A tarantella (Lair:8)
  36 yaks
  2 deep elf magi (D:11)
  2 yellow wasps
  2 fire bats (Orc:2)
  2 wyverns
  7 hippogriffs
  14 wolves
  A hungry ghost (D:7)
  6 wargs
  14 water moccasins
  13 porcupines
  7 spiders (Lair:3)
  A soldier ant (D:11)
  A mottled dragon (D:11)
  2 black bears
  23 orc warriors
  A sky beast (D:7)
  2 ice beasts
  4 phantoms
  A slave (D:9)
  11 ogres
  A necrophage (D:8)
  15 crocodiles
  4 centaurs
  16 giant frogs
  A big kobold (D:8)
  A scorpion (D:10)
  22 killer bees
  2 wights (D:8)
  2 electric eels
  A tengu skeleton (D:10)
  6 crimson imps
  2 giant frog skeletons
  A giant frog zombie (D:8)
  3 goliath beetles
  29 orc wizards
  Crazy Yiuf (D:2)
  A quasit (D:9)
  A centaur skeleton (D:4)
  4 jellies
  11 hounds
  23 orc priests
  13 iguanas
  11 worker ants
  A killer bee zombie (D:6)
  16 sheep
  A sky beast zombie (D:5)
  Jessica (D:3)
  A hound skeleton (D:7)
  A scorpion zombie (D:7)
  108 green rats
  27 adders
  7 gnolls
  A worker ant zombie (D:5)
  4 shadow imps
  4 worms
  3 giant mites
  An adder zombie (D:5)
  An adder skeleton (D:9)
  18 oozes
  165 orcs
  5 ball pythons
  18 bats
  4 giant cockroaches
  18 hobgoblins
  8 jackals
  19 kobolds
  17 quokkas
  6 giant geckos
  A giant newt (D:2)
  A giant newt skeleton (D:5)
  A giant spore (D:7)
  24 goblins
  2 hobgoblin zombies
  2 kobold zombies
  An orc skeleton (D:8)
  2 orc zombies
  A quokka skeleton (D:6)
  14 rats
  A rat skeleton (D:8)
  2 ballistomycetes (D:7)
  A bush (Lair:7)
  56 fungi
  51 plants
1060 creatures vanquished.

Vanquished Creatures (collateral kills)
  An orc high priest (Orc:4)
  3 elephants
  A komodo dragon (Lair:7)
  An orc warrior (Orc:4)
  An orc priest (Orc:4)
  A green rat (Lair:7)
  4 orcs (Orc:4)
12 creatures vanquished.

Vanquished Creatures (others)
  2 slaves (D:9)
  A centaur (D:9)
  A wight (D:8)
  10 fungi
  2 plants (Lair:8)
16 creatures vanquished.

Grand Total: 1088 creatures vanquished

Notes
Turn   | Place    | Note
--------------------------------------------------------------
     0 | D:1      | Kashira, the Naga Enchanter, began the quest for the Orb.
     0 | D:1      | Reached XP level 1. HP: 15/15 MP: 3/3
     0 | D:1      | Noticed a minotaur zombie
     1 | D:1      | Noticed a centaur zombie
     3 | D:1      | Noticed a spriggan zombie
     3 | D:1      | Noticed a draconian zombie
     5 | D:1      | Noticed a troll zombie
     7 | D:1      | Noticed a formicid zombie
     8 | D:1      | Noticed a formicid zombie
    10 | D:1      | Noticed a minotaur zombie
    12 | D:1      | Noticed a minotaur zombie
    16 | D:1      | Noticed an elf zombie
    72 | D:1      | Reached XP level 2. HP: 14/22 MP: 2/4
   520 | D:1      | Reached XP level 3. HP: 28/28 MP: 6/6
   525 | D:1      | Learned a level 3 spell: Dazzling Spray
  1102 | D:2      | Reached XP level 4. HP: 6/36 MP: 0/8
  1190 | D:2      | Noticed Crazy Yiuf
  1345 | D:2      | Killed Crazy Yiuf
  1535 | D:2      | Reached XP level 5. HP: 42/42 MP: 8/10
  1708 | D:3      | Noticed Jessica
  1716 | D:3      | Killed Jessica
  1716 | D:3      | Reached skill level 1 in Conjurations
  2126 | D:3      | Found a shattered altar of Ashenzari.
  2238 | D:3      | Found a shadowy altar of Dithmenos.
  2250 | D:3      | Reached skill level 1 in Fighting
  2250 | D:3      | Reached skill level 1 in Staves
  2250 | D:3      | Reached XP level 6. HP: 33/51 MP: 2/13
  2255 | D:3      | Learned a level 3 spell: Confuse
  2260 | D:3      | Learned a level 4 spell: Enslavement
  2982 | D:4      | Found a staircase to the Ecumenical Temple.
  2992 | Temple   | Entered the Ecumenical Temple
  2997 | Temple   | Became a worshipper of Qazlal Stormbringer
  3041 | D:5      | Entered Level 5 of the Dungeon
  3096 | D:5      | Reached XP level 7. HP: 57/57 MP: 9/15
  3337 | D:5      | Reached skill level 1 in Armour
  3479 | D:5      | Found a radiant altar of Vehumet.
  3479 | D:5      | Found a snail-covered altar of Cheibriados.
  3576 | D:5      | Reached skill level 5 in Hexes
  4175 | D:6      | Acquired Qazlal's first power
  4303 | D:6      | Reached XP level 8. HP: 48/67 MP: 18/18
  4671 | D:6      | Reached skill level 1 in Maces & Flails
  4771 | D:7      | Found a basalt altar of Yredelemnul.
  5399 | D:7      | Acquired Qazlal's second power
  5693 | D:8      | Reached XP level 9. HP: 74/74 MP: 20/20
  5769 | D:8      | Found a white marble altar of Elyvilon.
  5813 | D:8      | Found a bloodstained altar of Trog.
  5887 | D:8      | Found a blossoming altar of Fedhas.
  5906 | D:8      | Reached skill level 5 in Spellcasting
  6062 | D:8      | Found an iron altar of Okawaru.
  6109 | D:8      | Reached skill level 6 in Hexes
  6637 | D:9      | Noticed Pikel
  6650 | D:9      | Noticed Maurice
  6650 | D:9      | Killed Pikel
  6670 | D:9      | Acquired Qazlal's third power
  6712 | D:9      | Killed Maurice
  6712 | D:9      | Reached skill level 7 in Hexes
  6823 | D:9      | Reached skill level 5 in Dodging
  6926 | D:9      | Reached XP level 10. HP: 75/84 MP: 23/24
  7106 | D:10     | Entered Level 10 of the Dungeon
  7106 | D:10     | Noticed a hill giant
  7124 | D:10     | Killed a hill giant
  7200 | D:10     | Found a staircase to the Orcish Mines.
  7271 | D:10     | Noticed an unseen horror
  7286 | D:10     | Killed an unseen horror
  7473 | D:10     | Reached skill level 8 in Hexes
  7537 | D:10     | Acquired Qazlal's fourth power
  7944 | D:11     | Noticed a hill giant
  7969 | D:11     | Noticed an elephant
  7970 | D:11     | Killed a hill giant
  7994 | D:10     | Killed an elephant
  7994 | D:10     | Reached XP level 11. HP: 44/93 MP: 4/27
  8186 | D:11     | Reached skill level 9 in Hexes
  8311 | D:11     | Found a portal to a secret trove of treasure.
  8343 | D:11     | Noticed a yaktaur captain
  8344 | D:11     | Noticed an ettin
  8369 | D:11     | Found a deep blue altar of Sif Muna.
  8369 | D:11     | Found a shimmering altar of Xom.
  8664 | D:11     | Noticed a manticore
  8675 | D:11     | Killed a manticore
  8728 | D:11     | Found a staircase to the Lair.
  8728 | D:11     | Noticed a cyan ugly thing
  8822 | Orc:1    | Entered Level 1 of the Orcish Mines
  9124 | Orc:2    | Acquired Qazlal's fifth power
  9596 | Orc:2    | Noticed an orc knight
  9621 | Orc:1    | Killed an orc knight
 10184 | Orc:2    | Noticed an orc warlord
 11226 | Orc:2    | Killed an orc warlord
 11226 | Orc:2    | Reached skill level 10 in Hexes
 12200 | Orc:3    | Noticed an orc knight
 12225 | Orc:3    | Reached XP level 12. HP: 43/102 MP: 16/29
 12255 | Orc:3    | Killed an orc knight
 12266 | Orc:3    | Found Esiniad's Antique Weapon Boutique.
 12368 | Orc:3    | You fall through a shaft!
 12368 | Orc:4    | Entered Level 4 of the Orcish Mines
 12389 | Orc:4    | Found a staircase to the Elven Halls.
 12404 | Orc:4    | Found a bloodstained altar of Trog.
 12411 | Orc:4    | Reached skill level 5 in Fighting
 12442 | Orc:4    | HP: 5/103 [orc priest/divine providence (11)]
 12756 | Orc:4    | Reached skill level 5 in Conjurations
 13765 | Orc:4    | Noticed an orc high priest
 13769 | Orc:4    | Noticed an orc high priest
 13782 | Orc:4    | Killed an orc high priest
 14116 | D:11     | Killed a cyan ugly thing
 14116 | D:11     | Reached skill level 10 in Spellcasting
 14127 | D:11     | Noticed a hill giant
 14143 | D:11     | Killed a hill giant
 14143 | D:11     | Reached skill level 11 in Hexes
 14280 | D:11     | Killed an ettin
 14701 | Lair:1   | Entered Level 1 of the Lair of Beasts
 14762 | Lair:1   | Reached skill level 5 in Maces & Flails
 14765 | Lair:1   | Noticed an eight-headed hydra
 14788 | Lair:1   | Killed an eight-headed hydra
 15206 | Lair:1   | Got a silk robe
 15217 | Lair:1   | Identified the +0 robe of the Tales {rElec rPois rN+ Int+2} (You found it on level 1 of the Lair of Beasts)
 15218 | Lair:1   | Gained mutation: Your magical capacity is low (-10% MP). [potion of mutation]
 15218 | Lair:1   | Gained mutation: You are resistant to electric shocks. [potion of mutation]
 15218 | Lair:1   | Gained mutation: You are clumsy. (Dex -2) [potion of mutation]
 15960 | Lair:2   | Reached XP level 13. HP: 41/111 MP: 3/27
 16981 | Lair:2   | Noticed a seven-headed hydra
 16991 | Lair:2   | Killed a seven-headed hydra
 17481 | Lair:2   | Learned a level 2 spell: Stoneskin
 17498 | Lair:3   | Noticed Nergalle
 17525 | Lair:3   | Killed Nergalle
 17594 | Lair:3   | Found a hole to the Spider Nest.
 17600 | Lair:3   | Noticed Harold
 17604 | Lair:3   | Killed Harold
 17605 | Lair:3   | Noticed Gastronok
 17644 | Lair:3   | Killed Gastronok
 17644 | Lair:3   | Reached skill level 12 in Hexes
 18187 | Lair:3   | Found a staircase to the Swamp.
 18233 | Lair:3   | the staircase to the Swamp was a mimic.
 18876 | Lair:4   | Reached XP level 14. HP: 67/121 MP: 29/29
 19991 | Lair:5   | Found a staircase to the Swamp.
 20800 | Lair:6   | Identified a +2 rod of ignition (10/10) (You found it on level 8 of the Dungeon)
 20969 | Lair:6   | Learned a level 4 spell: Leda's Liquefaction
 20975 | Lair:6   | Learned a level 5 spell: Metabolic Englaciation
 21440 | Lair:7   | Reached skill level 13 in Hexes
 21584 | Lair:7   | Got a steaming lapis lazuli ring
 21586 | Lair:7   | Identified the ring of Xono {rF+ Str+5 Int+2} (You found it on level 7 of the Lair of Beasts)
 22078 | Lair:8   | Entered Level 8 of the Lair of Beasts
 22518 | Lair:8   | Found a staircase to the Slime Pits.
 23253 | Lair:8   | Reached skill level 1 in Earth Magic
 23307 | Lair:8   | Reached XP level 15. HP: 117/129 MP: 7/31
 24061 | Lair:8   | Reached skill level 10 in Dodging
 24127 | Lair:8   | HP: 6/129 [shot self (10)]
 24127 | Lair:8   | Killed themself with a bounced orb of electricity

Action                   |  1- 3 |  4- 6 |  7- 9 | 10-12 | 13-15 || total
-------------------------+-------+-------+-------+-------+-------++-------
Melee: Dagger            |    25 |       |       |       |       ||    25
       Club              |    24 |       |       |       |       ||    24
       Quarterstaff      |       |    75 |   188 |       |       ||   263
       Whip              |       |     1 |       |       |       ||     1
       Morningstar       |       |       |    71 |       |       ||    71
       Mace              |       |       |    34 |   608 |   671 ||  1313
       Staff             |       |       |       |       |    40 ||    40
 Cast: Corona            |     6 |       |       |       |       ||     6
       Dazzling Spray    |     8 |    36 |    79 |   191 |   263 ||   577
       Confuse           |       |     2 |    28 |   183 |   137 ||   350
       Enslavement       |       |       |       |    12 |     2 ||    14
       Stoneskin         |       |       |       |       |     4 ||     4
       Metabolic Englaci |       |       |       |       |     5 ||     5
       Leda's Liquefacti |       |       |       |       |     4 ||     4
Invok: Upheaval          |       |       |       |       |     1 ||     1
 Abil: Spit Poison       |    40 |    58 |    86 |   161 |   146 ||   491
Evoke: Wand              |       |       |     2 |     1 |     9 ||    12
       Lamp of fire      |       |       |       |       |     2 ||     2
       Disc of storms    |       |       |       |       |     3 ||     3
  Use: Scroll            |       |       |     3 |    28 |     7 ||    38
       Potion            |       |       |     2 |    13 |     4 ||    19
 Stab: Invisible         |       |     3 |     2 |    14 |    19 ||    38
       Sleeping          |       |     4 |       |       |       ||     4
       Confused          |       |     2 |     4 |    50 |    20 ||    76
       Paralysed         |       |     2 |     2 |       |       ||     4
  Eat: Chunk             |     3 |    14 |    18 |    32 |    35 ||   102
       Meat ration       |       |     1 |     2 |     3 |       ||     6
